[Event "Team 45 45 League T54"]
[Site "Internet Chess Club"]
[Date "2012.09.24"]
[Round "6"]
[White "MeansToAnEnd"]
[Black "kingsrook"]
[Result "1-0"]
[WhiteElo "1451"]
[BlackElo "1300"]
[Opening "QGD Slav/Grünfeld: Schlechter variation"]
[ECO "D15"]
[Time "20:00:51"]
[TimeControl "2700+45"]

1. d4 d5 2. c4 c6 3. Nf3 Nf6 4. Nc3 g6 5. Bf4 Bg7 6. e3 b6 7. cxd5 cxd5 8. Bb5+
Nbd7 9. Bc6 Ba6 10. Bxa8 Qxa8 11. Qa4 Qb7 12. Ne5 e6 13. Nb5 Bxb5 14. Qxb5 O-O
15. Nxd7 Nxd7 16. O-O a6 17. Qb3 Rc8 18. Rac1 e5 19. Rxc8+ Qxc8 20. dxe5 Qc6 21.
Rd1 Nc5 22. Qxd5 Qb5 23. b3 a5 24. h3 Qb4 25. f3 h6 26. e4 Ne6 27. Bc1 Bf8 28.
Qc4 Qe7 29. Qc8 Kh7 30. g3 Qb4 31. Qc4 Qe7 32. Be3 Qb7 33. Qd5 Qa6 34. Qd7 Kg7
35. Qc6 Qe2 36. Qc1 Qxf3 37. Bxh6+ Kg8 38. Bxf8 Qxg3+ 39. Kf1 Qf3+ 40. Ke1 Qxe4+
41. Kd2 Qf4+ 42. Kc2 Qe4+ 43. Rd3 Kxf8 44. Qe3 Qc6+ 45. Rc3 Qg2+ 46. Kc1 Qxa2
47. Qh6+ Ke7 48. Qh4+ g5 49. Qa4 Qh2 50. Qa3+ {Black forfeits on time} 1-0

[Event "Team 45 45 League T54"]
[Site "Internet Chess Club"]
[Date "2012.09.23"]
[Round "6"]
[White "jantonio"]
[Black "siddhu"]
[Result "1-0"]
[WhiteElo "1524"]
[BlackElo "1862"]
[Opening "Réti: King's Indian attack (Barcza system)"]
[ECO "A07"]
[Time "12:05:44"]
[TimeControl "2700+45"]

1. Nf3 d5 2. g3 Nf6 3. Bg2 g6 4. O-O Bg7 5. d3 Bg4 6. Nbd2 Nbd7 7. Rb1 O-O 8. c4
c6 9. Re1 Bxf3 10. Bxf3 e6 11. d4 Qc7 12. c5 e5 13. Nb3 e4 14. Bf4 Qc8 15. Bg2
Re8 16. Bh3 Nh5 17. Bd6 Bf8 18. Bxf8 Kxf8 19. e3 Qd8 20. Qd2 f5 21. Na5 Rb8 22.
b4 Ndf6 23. a4 a6 24. Bf1 g5 25. Bxa6 bxa6 26. Nxc6 Qc7 27. Nxb8 Rxb8 28. b5
axb5 29. axb5 f4 30. b6 Qd7 31. Qe2 f3 32. Qf1 Qe6 33. Ra1 Nd7 34. Ra7 Nhf6 35.
Rea1 Qc6 36. R1a5 g4 37. Rc7 Qe6 38. b7 Ne8 39. Ra6 Qf5 40. Rc8 Rxb7 41. c6 Rb8
42. cxd7 Rxc8 43. dxc8=Q Qxc8 44. Qa1 Qf5 45. Qa3+ Kg8 46. Qe7 Qf7 47. Qg5+ Qg7
48. Qxd5+ {Black resigns} 1-0

[Event "Team 45 45 League T54"]
[Site "Internet Chess Club"]
[Date "2012.09.23"]
[Round "6"]
[White "CzwartyWymiar"]
[Black "gandre"]
[Result "1-0"]
[WhiteElo "1794"]
[BlackElo "1689"]
[Opening "Caro-Kann: Rasa-Studier gambit"]
[ECO "B15"]
[Time "09:00:37"]
[TimeControl "2700+45"]

1. e4 c6 2. d4 d5 3. Nc3 dxe4 4. f3 exf3 5. Nxf3 Bg4 6. Bc4 e6 7. O-O Nf6 8. Bg5
Be7 9. Ne2 O-O 10. Bd3 h6 11. Bd2 Re8 12. Qe1 Qc7 13. Qh4 Bxf3 14. Rxf3 Nd5 15.
Qe4 Nf6 16. Rxf6 Bxf6 17. Qh7+ Kf8 18. Bb4+ c5 19. Bxc5+ {Black resigns} 1-0

[Event "Team 45 45 League T54"]
[Site "Internet Chess Club"]
[Date "2012.09.23"]
[Round "6"]
[White "jotap"]
[Black "caglar"]
[Result "0-1"]
[WhiteElo "1603"]
[BlackElo "1490"]
[Opening "Latvian counter-gambit"]
[ECO "C40"]
[Time "12:00:30"]
[TimeControl "2700+45"]

1. e4 e5 2. Nf3 f5 3. d4 fxe4 4. Nxe5 Nf6 5. Bg5 d6 6. Bxf6 Qxf6 7. Qh5+ g6 8.
Ng4 Qf4 9. Qb5+ c6 10. Qc4 Bxg4 11. Nd2 Bh6 12. Qc3 Rf8 13. Qe3 Qxe3+ 14. fxe3
Bxe3 15. Nxe4 d5 16. Nd6+ Kd7 17. Nxb7 Bxd4 18. Bd3 Bxb2 19. Rb1 Bc3# {White
checkmated} 0-1

[Event "Team 45 45 League T54"]
[Site "Internet Chess Club"]
[Date "2012.09.21"]
[Round "6"]
[White "matthewc"]
[Black "Megasus"]
[Result "1-0"]
[WhiteElo "1418"]
[BlackElo "1489"]
[Opening "English: symmetrical variation"]
[ECO "A30"]
[Time "05:02:35"]
[TimeControl "2700+45"]

1. c4 c5 2. Nf3 Nc6 3. Nc3 e6 4. d3 h6 5. Bd2 Nf6 6. Rc1 a6 7. g3 Be7 8. Bg2 Rb8
9. O-O Qc7 10. a3 b6 11. b3 Bb7 12. Qc2 O-O 13. Rfe1 Ng4 14. h3 Nf6 15. e3 Nh5
16. Ne2 e5 17. Bc3 d6 18. d4 Qd7 19. dxe5 dxe5 20. Nxe5 Nxe5 21. Bxe5 Rbd8 22.
Rcd1 Qc8 23. Rxd8 Rxd8 24. Rd1 Rxd1+ 25. Qxd1 Bxg2 26. Kxg2 Qe6 27. Qd5 Qxd5+
28. cxd5 Bf6 29. Bc7 b5 30. d6 Be5 31. f4 Bxd6 32. Bxd6 c4 33. bxc4 bxc4 34. Bb4
Nf6 35. Nd4 Nd5 36. Kf2 Nf6 37. Ke2 Ne4 38. Kf3 Nf6 39. e4 g6 40. Nc6 Nd7 41.
Na5 {Black resigns} 1-0

[Event "Team 45 45 League T54"]
[Site "Internet Chess Club"]
[Date "2012.09.22"]
[Round "6"]
[White "Undecided"]
[Black "nursey"]
[Result "1-0"]
[WhiteElo "1752"]
[BlackElo "1607"]
[Opening "English opening"]
[ECO "A20"]
[Time "14:03:43"]
[TimeControl "2700+45"]

1. c4 e5 2. g3 Nf6 3. Bg2 d5 4. cxd5 Nxd5 5. Nf3 Nc6 6. O-O e4 7. Ne1 f5 8. d3
exd3 9. Nxd3 Be7 10. Qb3 Ncb4 11. Nxb4 Nxb4 12. Rd1 Bd6 13. Bf4 Nc6 14. Nc3 Qe7
15. Bxd6 cxd6 16. Nb5 Be6 17. Nxd6+ Kf8 18. Qxb7 Qxb7 19. Nxb7 Ne5 20. Nc5 Re8
21. f4 Nc4 22. Nxe6+ Rxe6 23. Bd5 Rxe2 24. Bxc4 Re4 25. Rac1 Ke7 26. Re1 Re8 27.
Rxe4+ fxe4 28. Bb5 Rb8 29. a4 a5 30. Re1 Ke6 31. Rxe4+ Kd5 32. Rc4 h6 33. b3 g6
34. Kf2 Rb6 35. Rc6 Rxc6 36. Bxc6+ Kxc6 37. Ke2 Kc5 38. Kd3 Kb4 39. Kc2 h5 40.
h3 {Black resigns} 1-0

[Event "Team 45 45 League T54"]
[Site "Internet Chess Club"]
[Date "2012.09.22"]
[Round "6"]
[White "Lee-D"]
[Black "oldprez"]
[Result "1-0"]
[WhiteElo "1448"]
[BlackElo "1376"]
[Opening "King's Indian: Torre attack"]
[ECO "A48"]
[Time "10:01:11"]
[TimeControl "2700+45"]

1. d4 Nf6 2. Nf3 g6 3. Bg5 Bg7 4. c3 O-O 5. Nbd2 d6 6. e3 Nbd7 7. Bd3 c5 8. O-O
cxd4 9. exd4 Re8 10. Re1 a6 11. Ne4 Nxe4 12. Bxe4 Nf6 13. Bd3 Qa5 14. Qd2 Bf5
15. b4 Qb6 16. Bxf5 gxf5 17. Bxf6 Bxf6 18. Qh6 Qd8 19. Ng5 Bxg5 20. Qxg5+ Kh8
21. Qxf5 Rg8 22. Qxf7 Rg7 23. Qf3 Qg8 24. g3 Qc4 25. Re2 Rf7 26. Qe3 Raf8 27.
Rae1 b5 28. Qd2 Qd5 29. a3 e5 30. Qg5 Rf5 31. Qe7 R5f7 32. Qg5 Rf5 33. Qd2 exd4
34. Qxd4+ Qxd4 35. cxd4 Rf3 36. Ra1 Rd3 37. Re4 d5 38. Rg4 Rdf3 39. Ra2 h6 40.
Rg6 R8f6 41. Rxf6 Rxf6 42. f4 Kg7 43. Re2 Kg6 44. Re5 Rd6 45. Kf2 a5 46. bxa5
Ra6 47. Rxd5 Rxa5 48. h4 Rxa3 49. Rxb5 Ra2+ 50. Kf3 Ra3+ 51. Kg4 Rd3 52. Rd5 h5+
53. Rxh5 Rxd4 54. Rg5+ Kh6 55. Re5 Rd6 56. Kf5 Rg6 57. g4 Rg7 58. Re6+ Kh7 59.
g5 Rf7+ 60. Ke5 Ra7 61. g6+ Kg7 62. Rd6 Ra5+ 63. Rd5 Ra6 64. f5 Ra4 65. h5 Kh6
66. Ke6 Kxh5 67. g7 Ra6+ 68. Rd6 Ra7 69. f6 Ra8 70. f7 {Black resigns} 1-0

[Event "Team 45 45 League T54"]
[Site "Internet Chess Club"]
[Date "2012.09.23"]
[Round "6"]
[White "Cicero"]
[Black "islanderpfeifer"]
[Result "0-1"]
[WhiteElo "1297"]
[BlackElo "1590"]
[Opening "Sicilian defense"]
[ECO "B20"]
[Time "21:05:11"]
[TimeControl "2700+45"]

1. e4 c5 2. Na3 Nc6 3. Bb5 Nb8 4. c3 a6 5. Ba4 b5 6. Bc2 Nc6 7. Bb1 Nf6 8. f3 e6
9. d3 Be7 10. f4 d6 11. Nf3 O-O 12. O-O Bb7 13. d4 cxd4 14. cxd4 Qb6 15. Nc2
Nxe4 16. Be3 d5 17. Ne5 Bf6 18. Nd7 Qd8 19. Nxf8 Qxf8 20. Ne1 Qb4 21. Nf3 Qxb2
22. Bc2 Nb4 23. Rb1 Qxc2 24. Qxc2 Nxc2 25. Rbc1 Nxe3 26. Rfe1 Nc4 27. Ne5 Ned2
28. Nd7 Bxd4+ 29. Kh1 Be3 30. Rxe3 Nxe3 31. Rc7 Bc8 32. Nb6 Rb8 33. Nxc8 Ndc4
34. h3 a5 35. Kg1 b4 36. Kf2 a4 37. Ne7+ Kf8 38. Nc6 Ra8 39. Nxb4 a3 40. Kf3 Ke8
41. g4 Rb8 42. Nc6 Ra8 43. Ke2 Kf8 44. Kd3 g6 45. Kd4 Nc2+ 46. Kc5 Nb2 47. Kd6
Nd3 48. f5 gxf5 49. gxf5 exf5 50. Kxd5 Nc1 51. Ne5 Rd8+ 52. Nd7+ Kg8 53. Kd6
Nxa2 54. Rxc2 Nb4 55. Rg2+ Kh8 56. Kc7 Rg8 57. Re2 a2 58. Nf6 Ra8 59. Re7 Kg7
60. Nh5+ Kf8 61. Kd7 a1=Q 62. Re8+ Rxe8 {White resigns} 0-1

[Event "Team 45 45 League T54"]
[Site "Internet Chess Club"]
[Date "2012.09.23"]
[Round "6"]
[White "steadman"]
[Black "QueensCounselor"]
[Result "1/2-1/2"]
[WhiteElo "2103"]
[BlackElo "2051"]
[Opening "QGD Slav: 3.Nf3"]
[ECO "D11"]
[Time "10:00:48"]
[TimeControl "2700+45"]

1. d4 d5 2. c4 c6 3. Nf3 Nf6 4. Qb3 dxc4 5. Qxc4 Bf5 6. g3 e6 7. Bg2 Be7 8. O-O
O-O 9. Nc3 Nbd7 10. Re1 Ne4 11. Qb3 Qb6 12. Nh4 Qxb3 13. axb3 Bxh4 14. gxh4 Nef6
15. e4 Bg6 16. Bf4 Rfe8 17. Bd6 a6 18. Na4 Rad8 19. Bg3 Nh5 20. Bc7 Rc8 21. Bd6
Rcd8 22. Bc7 Rc8 23. Bd6 Rcd8 24. Rad1 Nb6 25. Bc7 Nxa4 26. bxa4 Rd7 27. Bb6 Nf4
28. f3 Nxg2 29. Kxg2 f6 30. Kf2 Kf7 31. Ke3 f5 32. Kf4 Ree7 33. Bc5 Re8 34. b4
Bh5 35. exf5 exf5 36. Rxe8 Kxe8 37. b5 axb5 38. axb5 Kf7 39. bxc6 bxc6 40. Rb1
Ke6 41. Re1+ Kf6 42. Re5 Rd5 43. Re3 Bf7 {Game drawn by mutual agreement}
1/2-1/2

[Event "Team 45 45 League T54"]
[Site "Internet Chess Club"]
[Date "2012.09.22"]
[Round "6"]
[White "fledermaus"]
[Black "CHENENE"]
[Result "1-0"]
[WhiteElo "2024"]
[BlackElo "1607"]
[Opening "Grünfeld: exchange variation"]
[ECO "D85"]
[Time "18:45:23"]
[TimeControl "2700+45"]

1. d4 Nf6 2. c4 g6 3. Nc3 d5 4. cxd5 Nxd5 5. Bd2 Bg7 6. e4 Nb6 7. Be3 O-O 8. Be2
N8d7 9. Nf3 c6 10. a4 a5 11. Qb3 e5 12. dxe5 Re8 13. O-O Bxe5 14. Nxe5 Rxe5 15.
Rfd1 c5 16. f4 Re8 {Black resigns} 1-0

[Event "Team 45 45 League T54"]
[Site "Internet Chess Club"]
[Date "2012.09.21"]
[Round "6"]
[White "jonesey"]
[Black "frank001"]
[Result "1/2-1/2"]
[WhiteElo "1855"]
[BlackElo "1761"]
[Opening "Four knights: double Ruy Lopez"]
[ECO "C49"]
[Time "04:28:46"]
[TimeControl "2700+45"]

1. e4 e5 2. Nf3 Nc6 3. Nc3 Nf6 4. Bb5 Bb4 5. Nd5 Nxd5 6. exd5 e4 7. dxc6 dxc6 8.
Bc4 exf3 9. Qxf3 O-O 10. O-O Qh4 11. d3 Bd6 12. g3 Qh3 13. Re1 Bg4 14. Qg2 Qh5
15. d4 Bf3 16. Qf1 Rae8 17. Bd2 Qg4 18. Rxe8 Rxe8 19. Re1 Rd8 20. Be2 h5 21.
Bxf3 Qxf3 22. Qe2 Qxe2 23. Rxe2 {Game drawn by mutual agreement} 1/2-1/2

[Event "Team 45 45 League T54"]
[Site "Internet Chess Club"]
[Date "2012.09.24"]
[Round "6"]
[White "NFork"]
[Black "egyptiantiger"]
[Result "1-0"]
[WhiteElo "2217"]
[BlackElo "2075"]
[Opening "Sicilian: Alapin's variation (2.c3)"]
[ECO "B22"]
[Time "16:45:14"]
[TimeControl "2700+45"]

1. e4 c5 2. c3 Nf6 3. e5 Nd5 4. Nf3 Nc6 5. Bc4 Nb6 6. Bb3 e6 7. d4 cxd4 8. cxd4
d6 9. O-O dxe5 10. dxe5 Qxd1 11. Rxd1 Be7 12. Nc3 O-O 13. Be3 Nd7 14. Nb5 a6 15.
Nc7 Rb8 16. Rac1 Kh8 17. Nxa6 Ra8 18. Nc7 Ra5 19. Bd2 Rc5 20. Rxc5 Nxc5 21. Bc2
Rd8 22. Nb5 Kg8 23. a3 g5 24. Bxg5 Rxd1+ 25. Bxd1 Bxg5 26. Nxg5 Bd7 27. Nd6 Nxe5
28. b4 Ncd3 29. Nxb7 Nb2 30. Bc2 h6 31. Ne4 Bc6 32. Na5 Ba8 33. Nf6+ Kf8 34. Be4
Bxe4 35. Nxe4 Ke7 36. Kf1 Kd7 37. Ke2 Kc7 38. Nc3 Kb6 39. Kd2 Nbc4+ 40. Nxc4+
Nxc4+ 41. Kc2 Nxa3+ 42. Kb3 Nb5 43. Nxb5 Kxb5 44. g4 e5 45. f3 f6 46. h4 Kc6 47.
Kc4 Kd6 48. b5 Ke6 49. Kc5 h5 50. gxh5 f5 51. b6 Kd7 52. h6 {Black resigns} 1-0

[Event "Team 45 45 League T54"]
[Site "Internet Chess Club"]
[Date "2012.09.23"]
[Round "6"]
[White "barbak"]
[Black "Logos1"]
[Result "0-1"]
[WhiteElo "1909"]
[BlackElo "1928"]
[Opening "Ruy Lopez: closed, Breyer, Borisenko variation"]
[ECO "C95"]
[Time "16:05:36"]
[TimeControl "2700+45"]

1. e4 e5 2. Nf3 Nc6 3. Bb5 a6 4. Ba4 Nf6 5. O-O Be7 6. Re1 b5 7. Bb3 O-O 8. h3
d6 9. c3 Nb8 10. d4 Nbd7 11. Nbd2 c5 12. Nf1 Bb7 13. d5 Ne8 14. Bc2 Nb6 15. Ng3
g6 16. Bh6 Ng7 17. b3 a5 18. Qd2 f6 19. Nh2 Rf7 20. Be3 f5 21. Bh6 fxe4 22. Bxe4
Nf5 23. Nxf5 gxf5 24. Bf3 Rf6 25. Bg5 Rg6 26. Bxe7 Qxe7 27. Nf1 e4 28. Ng3 Qf6
29. Nxf5 exf3 30. Ne7+ Kh8 31. Nxg6+ Qxg6 32. g3 Qf5 33. c4 Nd7 34. Re7 Qxh3
{White resigns} 0-1

[Event "Team 45 45 League T54"]
[Site "Internet Chess Club"]
[Date "2012.09.23"]
[Round "6"]
[White "kasperloff"]
[Black "cheVelle"]
[Result "1-0"]
[WhiteElo "1913"]
[BlackElo "1821"]
[Opening "Benkö gambit half accepted"]
[ECO "A57"]
[Time "15:00:40"]
[TimeControl "2700+45"]

1. d4 Nf6 2. c4 c5 3. d5 b5 4. cxb5 a6 5. b6 e6 6. Nc3 Nxd5 7. Nxd5 exd5 8. Qxd5
Nc6 9. Nf3 Be7 10. Ne5 O-O 11. Nxc6 dxc6 12. Qxd8 Bxd8 13. e3 Rb8 14. Bd2 Rxb6
15. Bc3 f5 16. Bc4+ Kh8 17. O-O-O Be7 18. g3 Rb8 19. Rd2 Bb7 20. Rd7 Bf6 21.
Bxf6 Rxf6 22. Rhd1 Rff8 23. Rc7 Rfc8 24. Rxb7 Rxb7 25. Bxa6 Rbc7 26. Bxc8 Rxc8
27. b3 h6 28. Rd7 Kh7 29. Kc2 Kg6 30. Kc3 Kf6 31. Kc4 g5 32. Kxc5 g4 33. Rd6+
Kg5 34. a4 {Black resigns} 1-0

[Event "Team 45 45 League T54"]
[Site "Internet Chess Club"]
[Date "2012.09.23"]
[Round "6"]
[White "ChessChamp"]
[Black "SugarIslander"]
[Result "1/2-1/2"]
[WhiteElo "1725"]
[BlackElo "1661"]
[Opening "Caro-Kann: exchange variation"]
[ECO "B13"]
[Time "14:02:33"]
[TimeControl "2700+45"]

1. e4 c6 2. d4 d5 3. exd5 cxd5 4. Bf4 Nc6 5. c3 e6 6. Bd3 Bd6 7. Bxd6 Qxd6 8.
Nf3 Nf6 9. Nbd2 O-O 10. O-O b6 11. Re1 h6 12. Ne5 Nd7 13. f4 Ndxe5 14. fxe5 Qc7
15. Qh5 f5 16. exf6 Rxf6 17. Rf1 Qf7 18. Bh7+ Kf8 19. Bg6 Qe7 20. g4 Ba6 21. c4
Nxd4 22. g5 Rxf1+ 23. Rxf1+ Nf5 24. gxh6 gxh6 25. Bxf5 exf5 26. Qxf5+ Kg7 {Game
drawn by mutual agreement} 1/2-1/2

[Event "Team 45 45 League T54"]
[Site "Internet Chess Club"]
[Date "2012.09.23"]
[Round "6"]
[White "rom1"]
[Black "moomaster"]
[Result "0-1"]
[WhiteElo "1596"]
[BlackElo "1775"]
[Opening "QGD semi-Slav: 5.e3"]
[ECO "D45"]
[Time "12:49:29"]
[TimeControl "2700+45"]

1. d4 e6 2. c4 d5 3. Nc3 Nf6 4. Nf3 c6 5. e3 Be7 6. Bd3 O-O 7. O-O Nbd7 8. cxd5
cxd5 9. a3 Qb6 10. b4 Qc6 11. Bb2 Nb6 12. Ne5 Qc7 13. Nb5 Qd8 14. Rc1 a6 15. Nc3
Nbd7 16. f4 h6 17. Qe2 Nb6 18. Qc2 Bd7 19. Qb3 Rc8 20. a4 Na8 21. Ba3 Nc7 22. b5
Bxa3 23. Qxa3 axb5 24. Nxb5 Bxb5 25. axb5 Nce8 26. Rxc8 Qxc8 27. Rc1 Qd8 28. Qa7
Nd6 29. Qc5 Nfe4 30. Bxe4 Nxe4 31. Qc7 Qh4 32. g3 Nxg3 33. hxg3 Qxg3+ 34. Kh1
Qh3+ 35. Kg1 Qxe3+ 36. Kg2 Qxf4 37. Qc3 Ra8 38. Rc2 Qe4+ 39. Nf3 Ra4 40. Qd2 g5
41. Qe2 Rxd4 42. Qxe4 Rxe4 43. Kg3 Rc4 44. Ra2 Rb4 45. Ne5 Rb3+ 46. Kg2 Rxb5 47.
Ra8+ Kg7 48. Rd8 Rb2+ 49. Kf3 h5 50. Rd7 Kf6 51. Nd3 g4+ 52. Ke3 Rb3 53. Ke2 h4
54. Nc5 h3 55. Nxb7 h2 56. Nd6 h1=Q 57. Rxf7+ Ke5 {White resigns} 0-1

[Event "Team 45 45 League T54"]
[Site "Internet Chess Club"]
[Date "2012.09.23"]
[Round "6"]
[White "AVEMARIA"]
[Black "FlyingTiger"]
[Result "1-0"]
[WhiteElo "1688"]
[BlackElo "1707"]
[Opening "Sicilian: Alapin's variation (2.c3)"]
[ECO "B22"]
[Time "18:03:34"]
[TimeControl "2700+45"]

1. e4 c5 2. c3 Nf6 3. e5 Nd5 4. Nf3 Nc6 5. Bc4 Nb6 6. Bb3 c4 7. Bc2 Qc7 8. Qe2
g6 9. d4 cxd3 10. Bxd3 Bg7 11. Bf4 O-O 12. O-O Nd5 13. Bg3 Qb6 14. Na3 Bh6 15.
Nc4 Qd8 16. Qe4 Nb6 17. Rad1 Nxc4 18. Bxc4 Qb6 19. b3 Bg7 20. Rfe1 d6 21. exd6
Bf5 22. Qe3 Qxe3 23. Rxe3 exd6 24. Rxd6 Rfe8 25. Ng5 Rxe3 26. fxe3 Bxc3 27. Nxf7
Kg7 28. Ng5 Rd8 29. Rxd8 Nxd8 30. e4 Bd7 31. e5 h6 32. Nf3 Be6 33. Be1 Bxe1 34.
Bxe6 Bc3 35. Bd5 g5 36. h3 b6 37. Kf2 Nf7 38. Bxf7 Kxf7 39. Ke3 Ke6 40. Ke4 Bb2
41. g4 a6 42. Nd4+ Kd7 43. b4 Ba3 44. b5 axb5 45. Nxb5 Bc5 46. Kd5 Ke7 47. a4
Bb4 48. Nd6 {Black resigns} 1-0

[Event "Team 45 45 League T54"]
[Site "Internet Chess Club"]
[Date "2012.09.24"]
[Round "6"]
[White "krysto"]
[Black "Kingofknights"]
[Result "1-0"]
[WhiteElo "1556"]
[BlackElo "1533"]
[Opening "QGD Slav: Dutch variation"]
[ECO "D18"]
[Time "19:00:16"]
[TimeControl "2700+45"]

1. d4 d5 2. c4 c6 3. Nf3 Nf6 4. Nc3 dxc4 5. a4 Bf5 6. e3 Bd3 7. Bxd3 cxd3 8.
Qxd3 e6 9. O-O Na6 10. Qe2 Be7 11. e4 O-O 12. Rd1 Qa5 13. d5 Rad8 14. Bg5 Nxd5
15. exd5 Bxg5 16. Nxg5 exd5 17. Qh5 h6 18. Nf3 Nc5 19. Nd4 Ne6 20. Nxe6 fxe6 21.
Qe5 Rde8 22. g4 Qb4 23. Qe2 e5 24. a5 Qc5 25. Rdc1 Qd6 26. Nd1 Rf4 27. Ne3 Ref8
28. Nf5 Qg6 29. Ne7+ {Black resigns} 1-0

[Event "Team 45 45 League T54"]
[Site "Internet Chess Club"]
[Date "2012.09.23"]
[Round "6"]
[White "tightfist"]
[Black "milesotoole"]
[Result "0-1"]
[WhiteElo "1595"]
[BlackElo "1641"]
[Opening "Polish (Sokolsky) opening"]
[ECO "A00"]
[Time "22:04:51"]
[TimeControl "2700+45"]

1. b4 f5 2. Bb2 Nf6 3. c4 g6 4. d4 Bg7 5. Nf3 O-O 6. e3 d6 7. Qb3 Kh8 8. Bd3 Qe8
9. Nc3 e5 10. dxe5 dxe5 11. Nb5 e4 12. Nxc7 Qc6 13. Nxa8 exf3 14. g3 b6 15. Nxb6
axb6 16. Ba3 Re8 17. O-O-O Be6 18. b5 Qc7 19. Bb4 Nbd7 20. Bf1 Nc5 21. Bxc5 Qxc5
22. Bd3 Rc8 23. Kb1 Ne4 24. Bxe4 Bxc4 25. Rc1 Bxb3 26. Rxc5 Bxa2+ 27. Kxa2 Rxc5
28. Bd3 Rd5 29. Rd1 Bc3 30. Kb3 Be1 31. Rxe1 Rxd3+ 32. Kc4 Rd2 33. Rf1 Kg7 34.
Kc3 Ra2 35. Kb3 Rd2 36. Kc3 Ra2 37. Kb3 Re2 38. h3 Kf6 39. Kc4 Ke5 40. g4 fxg4
41. hxg4 Ke4 42. Rh1 Rxf2 43. Rxh7 Kxe3 44. Re7+ Kd2 45. Re6 Re2 46. Rxb6 f2 47.
Rd6+ Ke1 48. Rf6 f1=Q 49. Rxf1+ Kxf1 50. b6 Rb2 51. Kc5 Kf2 52. Kc6 Kf3 53. b7
Kxg4 54. Kc7 Rxb7+ 55. Kxb7 Kf3 56. Kc6 g5 57. Kd5 g4 58. Kd4 g3 59. Kd3 g2 60.
Kd2 g1=Q {White resigns} 0-1

[Event "Team 45 45 League T54"]
[Site "Internet Chess Club"]
[Date "2012.09.24"]
[Round "6"]
[White "Berke"]
[Black "whiskeytown"]
[Result "1/2-1/2"]
[WhiteElo "1526"]
[BlackElo "1477"]
[Opening "Pirc: Austrian attack"]
[ECO "B09"]
[Time "12:09:47"]
[TimeControl "2700+45"]

1. e4 d6 2. d4 Nf6 3. Nc3 g6 4. f4 Bg7 5. Nf3 O-O 6. Bc4 Nxe4 7. Nxe4 d5 8. Bd3
dxe4 9. Bxe4 c6 10. O-O Bg4 11. c3 Nd7 12. Qb3 Nf6 13. Bc2 Qb6 14. Ne5 Qxb3 15.
Bxb3 Bf5 16. Be3 Rad8 17. h3 h5 18. Rfe1 Nd5 19. Bxd5 {Game drawn by mutual
agreement} 1/2-1/2

[Event "Team 45 45 League T54"]
[Site "Internet Chess Club"]
[Date "2012.09.22"]
[Round "6"]
[White "Jack-ONeill"]
[Black "carokantor"]
[Result "1/2-1/2"]
[WhiteElo "2022"]
[BlackElo "2069"]
[Opening "Trompowsky attack (Ruth, Opocenský opening)"]
[ECO "A45"]
[Time "15:01:14"]
[TimeControl "2700+45"]

1. d4 Nf6 2. Bg5 c5 3. Bxf6 exf6 4. Nc3 cxd4 5. Qxd4 Nc6 6. Qe4+ Be7 7. e3 O-O
8. Bc4 b6 9. Nge2 Bb7 10. O-O Rc8 11. Rfd1 Re8 12. Qd5 Rf8 13. Qxd7 Na5 14. Qh3
Qc7 15. Bd5 Rcd8 16. Bxb7 Qxb7 17. Qg4 Qc6 18. Nd4 Qc4 19. Ne4 g6 20. b3 Qc8 21.
Qxc8 Rxc8 22. c4 f5 23. Nc3 Bf6 24. Nd5 Kg7 25. Nxf6 Kxf6 26. g3 Nb7 27. Nb5 Ra8
28. Rd4 a6 29. Nc3 Kg7 30. Nd5 b5 31. cxb5 axb5 32. Nc7 Ra5 33. b4 Ra4 34. Nxb5
Nd8 35. a3 Nc6 36. Rdd1 Rfa8 37. Nc3 Rxa3 38. Rxa3 Rxa3 39. Nd5 Rb3 40. Kg2 Nxb4
41. Nxb4 {Game drawn by mutual agreement} 1/2-1/2

[Event "Team 45 45 League T54"]
[Site "Internet Chess Club"]
[Date "2012.09.22"]
[Round "6"]
[White "The7thGuest"]
[Black "Ptzz"]
[Result "1/2-1/2"]
[WhiteElo "2024"]
[BlackElo "2122"]
[Opening "Caro-Kann: Goldman (Spielmann) variation"]
[ECO "B11"]
[Time "11:00:06"]
[TimeControl "2700+45"]

1. e4 c6 2. Nc3 d5 3. Qf3 dxe4 4. Nxe4 Nd7 5. Qe2 Qc7 6. Nf3 Ngf6 7. Nxf6+ Nxf6
8. h3 Bf5 9. d3 h6 10. g3 e6 11. Bg2 Bd6 12. O-O O-O 13. b3 a5 14. a4 Nd5 15.
Bb2 Rae8 16. Be5 f6 17. Bxd6 Qxd6 18. Qd2 Nb4 19. Qc3 e5 20. Nd2 Kh8 21. Nc4 Qc5
22. Qb2 Rd8 23. Rad1 Be6 24. Rfe1 Bxc4 25. dxc4 Rd6 26. Rxd6 Qxd6 27. c3 Na6 28.
Rb1 Nc5 29. b4 Nxa4 30. Qc2 b5 31. cxb5 cxb5 32. bxa5 Qc5 33. c4 Rc8 34. Qb3
Qxc4 35. Qxc4 bxc4 36. a6 Nc3 37. Rb7 Ne2+ 38. Kf1 c3 39. Be4 c2 40. Bxc2 Rxc2
41. a7 Ra2 42. Rb8+ Kh7 43. a8=Q Rxa8 44. Rxa8 Nd4 45. Kg2 Kg6 46. Ra7 h5 47.
Rd7 Ne6 48. Re7 Nd4 49. f3 Nf5 50. Rd7 Kh6 51. h4 Ne3+ 52. Kh3 Nf5 53. g4 hxg4+
54. fxg4 Nd4 55. g5+ fxg5 56. hxg5+ Kxg5 57. Rxg7+ Kf4 58. Re7 e4 59. Rxe4+ Kxe4
{Game drawn because neither player has mating material} 1/2-1/2

[Event "Team 45 45 League T54"]
[Site "Internet Chess Club"]
[Date "2012.09.24"]
[Round "6"]
[White "PandorasBox"]
[Black "Killian"]
[Result "0-1"]
[WhiteElo "1892"]
[BlackElo "1949"]
[Opening "French: Burn variation"]
[ECO "C11"]
[Time "15:09:42"]
[TimeControl "2700+45"]

1. d4 Nf6 2. Nc3 e6 3. e4 d5 4. Bg5 dxe4 5. Nxe4 Be7 6. Nxf6+ Bxf6 7. Bxf6 Qxf6
8. Nf3 O-O 9. Bd3 Nd7 10. O-O c5 11. c3 cxd4 12. Nxd4 Ne5 13. Bc2 Ng6 14. Qh5 b6
15. f4 Ba6 16. Rf3 Bb7 17. Rf2 Rad8 18. Re1 Rd5 19. f5 Ne7 20. Qh3 e5 21. Ne2
Rd2 22. Ng3 Rxf2 23. Kxf2 Rd8 24. Re2 Bd5 25. Nh5 Qg5 26. Rxe5 Ng6 27. Re3 Nh4
28. g3 Ng2 29. Re2 Bc4 30. f6 g6 31. Qd7 Qc5+ 32. Qd4 Bxe2 33. Qxc5 bxc5 34.
Kxe2 gxh5 35. Be4 Re8 {White resigns} 0-1

[Event "Team 45 45 League T54"]
[Site "Internet Chess Club"]
[Date "2012.09.22"]
[Round "6"]
[White "jrobic7"]
[Black "pishd"]
[Result "1/2-1/2"]
[WhiteElo "1812"]
[BlackElo "1715"]
[Opening "Caro-Kann: Panov-Botvinnik attack, 5...g6"]
[ECO "B14"]
[Time "13:21:34"]
[TimeControl "2700+45"]

1. e4 c6 2. d4 d5 3. exd5 cxd5 4. c4 Nf6 5. Nc3 g6 6. Nf3 Bg7 7. Bg5 O-O 8. Bxf6
Bxf6 9. Nxd5 Bg7 10. Ne5 Nc6 11. Nxc6 bxc6 12. Nb4 Qa5 13. Qd2 Bb7 14. Nc2 Qxd2+
15. Kxd2 Rfd8 16. Ke3 e5 17. dxe5 Bxe5 18. Bd3 c5 19. f3 Rd7 20. Rab1 Re8 21.
Kd2 Bf4+ 22. Kc3 Be5+ 23. Kd2 Bf4+ {Game drawn by mutual agreement} 1/2-1/2

[Event "Team 45 45 League T54"]
[Site "Internet Chess Club"]
[Date "2012.09.24"]
[Round "6"]
[White "CamNewton"]
[Black "nurmi"]
[Result "1-0"]
[WhiteElo "2212"]
[BlackElo "1907"]
[Opening "Robatsch defense"]
[ECO "B06"]
[Time "21:00:15"]
[TimeControl "2700+45"]

1. e4 g6 2. d4 Bg7 3. Nc3 c5 4. Nf3 Qa5 5. dxc5 Qxc5 6. Nd5 Na6 7. Be3 Qa5+ 8.
c3 e6 9. b4 Qd8 10. Bd4 f6 11. Ne3 d6 12. b5 Nc5 13. Bxc5 dxc5 14. Qxd8+ Kxd8
15. Bc4 Ne7 16. O-O-O+ Kc7 17. h4 h5 18. Ne1 g5 19. e5 Ng6 20. exf6 Bxf6 21.
hxg5 Bxc3 22. Nf3 Bd7 23. Rd3 Bg7 24. g3 a6 25. b6+ Kc6 26. Rhd1 Bd4 27. Nxd4+
cxd4 28. Rxd4 Bc8 29. Rd6+ Kc5 30. Bxe6 {Black resigns} 1-0

[Event "Team 45 45 League T54"]
[Site "Internet Chess Club"]
[Date "2012.09.22"]
[Round "6"]
[White "Pason"]
[Black "jorobo"]
[Result "1-0"]
[WhiteElo "2066"]
[BlackElo "1976"]
[Opening "QGD: classical variation (5.Bf4)"]
[ECO "D37"]
[Time "10:00:50"]
[TimeControl "2700+45"]

1. d4 e6 2. Nf3 Nf6 3. c4 d5 4. Nc3 Be7 5. Bf4 O-O 6. e3 c5 7. cxd5 Nxd5 8. Bg3
cxd4 9. exd4 Nc6 10. Bd3 Bf6 11. O-O b6 12. Rc1 Ncb4 13. Bb1 Ba6 14. Re1 Rc8 15.
Nxd5 Nxd5 16. Qa4 Rxc1 17. Rxc1 Be2 18. Qc2 {Black resigns} 1-0